 Dungeon Crawl Stone Soup version 0.27-a0-951-gae3e1deef5 (webtiles) character file.

Game seed: 14360542895469698787

39 shoop the Skirmisher (level 3, 0/39 HPs)
             Began as an Ogre Monk on Apr 12, 2021.
             Was a Priest of the Shining One.
             Succumbed to an adder's poison
             ... on level 2 of the Dungeon.
             The game lasted 00:02:11 (1426 turns).

shoop the Skirmisher (Ogre Monk)                    Turns: 1426, Time: 00:02:12

Health: 0/39       AC:  5    Str: 16    XL:     3   Next: 47%
Magic:  3/3        EV: 10    Int: 17    God:    the Shining One [***...]
Gold:   31         SH:  0    Dex: 11    Spells: 2/2 levels left

rFire    . . .     SeeInvis .   a - +0 mace
rCold    . . .     Faith    +   (no shield)
rNeg     + . .     Spirit   .   b - +0 robe
rPois    .         Reflect  .   (helmet restricted)
rElec    .         Harm     .   (no cloak)
rCorr    .         Rampage  .   (gloves unavailable)
Will     .....                  (boots unavailable)
Stlth    +.........             f - amulet of faith
HPRegen  0.13/turn              i - +6 ring of intelligence
MPRegen  0.08/turn              (no ring)

@: brilliant, lethally poisoned (0 -> -1), glowing
A: large, unfitting armour, tough skin 1, iridescent scales 1, screaming 1
a: Renounce Religion, Divine Shield


You were on level 2 of the Dungeon.
You worshipped the Shining One.
The Shining One was most pleased with you.
You visited 1 branch of the dungeon, and saw 2 of its levels.

You collected 31 gold pieces.

Inventory:

Hand Weapons
 a - a +0 mace (weapon)
Missiles
 e - 13 poisoned darts (quivered)
Armour
 b - a +0 robe (worn)
Jewellery
 f - an amulet of faith (around neck)
 i - a +6 ring of intelligence (left hand)
Wands
 g - a wand of flame (22)
Scrolls
 c - 2 scrolls of identify {unknown}


   Skills:
 + Level 4.2 Fighting
 * Level 3.6 Maces & Flails
 + Level 0.5 Throwing
 - Level 2.6 Dodging
 - Level 1.4 Stealth
 + Level 0.6 Invocations
 + Level 0.3 Evocations


You had 2 spell levels left.
You didn't know any spells.
Your spell library contained the following spells:

 Spells                   Type           Power      Damage    Failure   Level
 Confusing Touch          Hex            0%         N/A       56%         3
 Gell's Gravitas          Tloc           0%         N/A       56%         3
 Petrify                  Tmut/Erth      0%         N/A       93%         4
 Metabolic Englaciation   Hex/Ice        0%         N/A       100%        5
 Yara's Violent Unravell  Hex/Tmut       0%         3d3       100%        5


Dungeon Overview and Level Annotations

Branches:
Dungeon (2/15)

Altars:
The Shining One


Innate Abilities, Weirdness & Mutations

You are too large for most types of armour.
You have tough skin. (AC +1)
You are partially covered in iridescent scales. (AC +2)
You occasionally shout uncontrollably at your foes.


Message History

You feel very sick. The adder bites you.
You closely miss the adder.
The adder is severely wounded.
You feel sick. The adder bites you but does no damage. The adder bites you.
You are more poisoned.
The adder poisons you!
You barely miss the adder.
The adder is severely wounded.
You feel very sick. The adder bites you.
You are too injured to fight recklessly!
You barely miss the adder.
The adder is severely wounded.
You feel sick. The adder closely misses you. The adder bites you.
* * * LOW HITPOINT WARNING * * *
It was a potion of brilliance.
You feel clever all of a sudden.
You feel sick. The adder bites you.
* * * LOW HITPOINT WARNING * * *
It was a potion of mutation.
You feel extremely strange.
You feel the urge to shout.
Iridescent scales grow over part of your body.
* * * LOW HITPOINT WARNING * * *
You feel sick. The adder bites you but does no damage.
Aiming: Throw Flame
Press: ? - help, Shift-Dir - straight line, f/p - adder
Aim: an adder (severely wounded, haloed, 34% to evade)
The puff of flame hits the adder.
You kill the adder!
* * * LOW HITPOINT WARNING * * *
You feel sick.
Okay, then.
You aren't carrying any potions.
Okay, then.
* * * LOW HITPOINT WARNING * * *
You feel sick.
* * * LOW HITPOINT WARNING * * *
You feel sick.
You die...

#.......######'###.......##....
###.......# #.# #.......##....
..........######.#
#.......##....
..........#......#
#.......'.[...
..........#......#
#.......######
..........#..(...# #.).....#
#.. ###.......# ##.#
#.......####.# #.......#
#†###..<.......#.# #.......#
#@##.........#.#.. #########
####'##......##.#.#..
#............##.#+#.#
#............##.....#
#...........###.....#
#...........# #.....#
#...........# #.....#
#...........# #.#.#.#
#...........# #.#.#..


There were no monsters in sight!

Vanquished Creatures
  2 adders (D:2)
  3 ball pythons (D:1)
  4 endoplasms
  A giant cockroach (D:1)
  2 hobgoblins
  A kobold (D:1)
  2 quokkas
  A bat (D:2)
  A frilled lizard (D:1)
  4 rats (D:1)
21 creatures vanquished.

Notes
Turn   | Place    | Note
-------+----------+-------------------------------------------
     0 | D:1      | shoop the Ogre Monk began the quest for the Orb.
     0 | D:1      | Reached XP level 1. HP: 24/24 MP: 1/1
   101 | D:1      | Found a faded altar of an unknown god.
   130 | D:1      | Became a worshipper of the Shining One
   130 | D:1      | Reached * piety under the Shining One
   130 | D:1      | Reached ** piety under the Shining One
   161 | D:1      | Reached XP level 2. HP: 32/32 MP: 2/2
   607 | D:1      | Reached *** piety under the Shining One
   948 | D:2      | Reached XP level 3. HP: 39/39 MP: 3/3
  1422 | D:2      | Gained mutation: You occasionally shout uncontrollably at
                  | your foes. [potion of mutation]
  1422 | D:2      | Gained mutation: You are partially covered in iridescent
                  | scales. (AC +2) [potion of mutation]
  1424 | D:2      | HP: 1/39 [poisoned by an adder]
  1426 | D:2      | Succumbed to an adder's poison

Illustrated notes

Levels and vault maps discovered:
D:1:      eino_arrival_water_cross, layout_loops_ring,
          ebering_ecumenical_altar_abandoned
D:2:      layout_basic

Skill      XL: |  1 |
---------------+----+-----
Maces & Flails | 3 |  3.6
Fighting       | |  4.2
Throwing       | |  0.5
Dodging        | |  2.6
Stealth        | |  1.4
Invocations    | |  0.6
Evocations     | |  0.3

Action                   || total
-------------------------++-------
Melee: Mace              ||    54
Throw: Dart              ||     2
Evoke: Wand              ||     1
  Use: Potion            ||     2
 Stab: Sleeping          ||     1
Armor: Robe              ||    14
Dodge: Dodged            ||    26

Table legend: (Time is in decaauts)
 A = Elapsed time spent in this place.
 B = Non-inter-level travel time spent in this place.
 C = Inter-level travel time spent in this place.
 D = Time resting spent in this place.
 E = Time spent auto-exploring this place.
 F = Levels seen in this place.
 G = Mean time per level.
                   A        B        C        D        E       F      G
               +--------+--------+--------+--------+--------+-----+--------+
         Total |   1437 |   1404 |     33 |      0 |   1245 |   2 |  718.5 |
       Dungeon |   1437 |   1404 |     33 |      0 |   1245 |   2 |  718.5 |
               +--------+--------+--------+--------+--------+-----+--------+

Top non-repeatable levels by time:
     D:2: 789 daAuts
     D:1: 648 daAuts
